 Dungeon Crawl Stone Soup version 0.31-a0-636-ge1c0e020e0 (webtiles) character file.

Game seed: 11752367359108583884

1627 AdnanSaban the Cudgeller (level 8, -3/51 HPs)
             Began as a Gargoyle Fighter on Aug 26, 2023.
             Killed from afar by an acid dragon (28 damage)
             ... with a splash of acid
             ... on level 6 of the Dungeon.
             The game lasted 00:06:53 (6221 turns).

AdnanSaban the Cudgeller (Gargoyle Fighter)         Turns: 6221, Time: 00:06:54

Health: -3/51      AC: 17    Str: 23    XL:     8   Next: 97%
Magic:  8/8        EV:  9    Int:  8    God:
Gold:   161        SH:  4    Dex:  9    Spells: 7/7 levels left

rFire   . . .        a - +0 flail
rCold   . . .        c - +0 buckler
rNeg    + + .        C - +0 chain mail
rPois   ∞            m - +2 helmet
rElec   +            j - +1 cloak {Stlth+}
rCorr   .            (no gloves)
SInv    .            (no boots)
Will    .....        (no amulet) Stlth
                     s - ring of positive energy
HPRegen 0.28/turn    (no ring)
MPRegen 0.11/turn

%: no passive effects
@: corroded
A: sickness immunity, AC +5, negative energy resistance 1, electricity
resistance, torment resistance 1, petrification resistance
a: no special abilities


You were on level 6 of the Dungeon.
You visited 1 branch of the dungeon, and saw 6 of its levels.

You collected 161 gold pieces.

Inventory:

Hand Weapons
 a - a +0 flail (weapon)
Missiles
 l - 5 boomerangs (quivered)
 u - 15 poisoned darts
Armour
 c - a +0 buckler (worn)
 j - a +1 cloak of stealth (worn)
 m - a +2 helmet (worn)
 C - a +0 chain mail (worn)
Jewellery
 r - the ring "Denty" {Will+ Str-4 Int+6}
   (You found it on level 3 of the Dungeon)

   [ring of willpower]

   Str-4:     It affects your strength (-4).
   Int+6:     It affects your intelligence (+6).
   Will+:     It increases your willpower.
 s - a ring of positive energy (left hand)
Scrolls
 e - 2 scrolls of revelation {unknown}
 i - a scroll of blinking {unknown}
 k - 2 scrolls of noise {unknown}
 n - 3 scrolls of vulnerability {unknown}
 p - a scroll of immolation {unknown}
 q - 3 scrolls of teleportation {unknown}
 x - a scroll of fear {unknown}
 y - a scroll of enchant armour {unknown}
 B - a scroll of poison {unknown}
 D - a scroll of enchant weapon {unknown}
Potions
 b - 2 potions of attraction {unknown}
 d - a potion of might
 f - 3 potions of curing {unknown}
 g - 2 potions of brilliance {unknown}
 h - 3 potions of haste {unknown}
 o - 2 potions of ambrosia {unknown}
 t - a potion of berserk rage {unknown}
 v - 2 potions of degeneration {unknown}
 w - a potion of enlightenment {unknown}
 z - a potion of lignification {unknown}
 A - a potion of heal wounds {unknown}


   Skills:
 + Level 5.7 Fighting
 + Level 7.4 Maces & Flails
 + Level 0.8 Throwing
 + Level 6.1 Armour
 + Level 2.6 Dodging
 + Level 1.0 Stealth
 + Level 5.1 Shields


You had 7 spell levels left.
You didn't know any spells.
Your spell library contained the following spells:

 Spells                   Type           Power      Damage    Failure   Level
 Freeze                   Ice            0%         1d3       95%         1
 Magic Dart               Conj           0%         1d3       95%         1
 Necrotise                Necr           0%         1d4       95%         1
 Slow                     Hex            0%         N/A       95%         1
 Sting                    Tmut/Pois      0%         1d3       95%         1
 Call Imp                 Summ           0%         N/A       99%         2
 Poisonous Vapours        Pois/Air       0%         N/A       99%         2
 Call Canine Familiar     Summ           0%         N/A       100%        3
 Mephitic Cloud           Conj/Pois/Air  0%         N/A       100%        3
 Portal Projectile        Hex/Tloc       0%         N/A       100%        3
 Dispel Undead            Necr           0%         3d6       100%        4
 Leda's Liquefaction      Hex/Erth       0%         N/A       100%        4
 Olgreb's Toxic Radiance  Pois           0%         N/A       100%        4
 Death Channel            Necr           0%         N/A       100%        6
 Cigotuvi's Dreadful Rot  Necr/Pois/Air  Unusable   N/A       N/A         2

Dungeon Overview and Level Annotations

Branches:
Dungeon (6/15)
 Temple: D:4-7

Altars:
Dithmenos
Zin

Shops:
D:6 :


Innate Abilities, Weirdness & Mutations

You are immune to sickness and miasma.
Your stone body is resilient. (AC +5)
You are immune to poison.
You resist negative energy. (rN+)
You are resistant to electric shocks. (rElec)
You are resistant to unholy torment.
You are immune to petrification.


Message History

The splash of acid hits you. The acid corrodes you!
You hit the acid dragon but do no damage.
The acid dragon is moderately wounded.
The acid dragon bites you but does no damage.
The acid dragon claws you but does no damage.
You hit the acid dragon.
The acid dragon is heavily wounded.
The acid dragon bites you!
The acid dragon claws you but does no damage.
You hit the acid dragon but do no damage.
The acid dragon is heavily wounded.
The acid dragon bites you!
The acid dragon claws you but does no damage.
The acid dragon closely misses you.
The acid dragon claws you but does no damage.
You hit the acid dragon.
The acid dragon is severely wounded.
The acid dragon spits acid at you. The splash of acid hits you.
You are too injured to fight recklessly!
You are too injured to fight recklessly!
You are too injured to fight recklessly!
You are too injured to fight recklessly!
You are too injured to fight recklessly!
You are too injured to fight recklessly!
You are too injured to fight recklessly!
You are too injured to fight recklessly!
You are too injured to fight recklessly!
You are too injured to fight recklessly!
You are too injured to fight recklessly!
You are too injured to fight recklessly!
You are too injured to fight recklessly!
You are too injured to fight recklessly!
You are too injured to fight recklessly!
You hit the acid dragon but do no damage.
The acid dragon is severely wounded.
The acid dragon spits acid at you. The splash of acid hits you!!
Ouch! That really hurt!
You die...

........#...#####...######.#####.
#.#.....#.#.# ##.###...........
#.#.....#.#.# #.###.###.####..
#.#.....#.#.# #.##...##.# #.#
#.#...)>#.#.# ###.#.....#.# #.#
#.###.#.#.#.# #...........# #.#
....).....#.# #.#.#.....### #.#
#...........# #D#.##...#######.#
#####.#.##### #@#.###..........#
#.#.########.#.# ############
#.#..........#.##########
#.#.##.######...........##
#####.#.##.## #.####.###...####
.....[......# .# #...........
.##.###.##..# #.# #####...####
###.# #.##..# #.# ##.##
###.###.##..# #.# #.#


You could see an acid dragon (catching breath).

Vanquished Creatures
  Sigmund (D:3)
  A sky beast (D:6)
  An ice beast (D:5)
  3 ogres
  2 centaurs
  A scorpion (D:6)
  2 howler monkeys
  2 hounds
  3 jellies
  2 orc priests
  4 iguanas
  An orc wizard (D:4)
  Robin (D:1)
  10 gnolls
  10 adders
  3 shadow imps
  An ufetubus (D:6)
  4 worms
  A dart slug (D:2)
  21 orcs
  14 ball pythons
  5 endoplasms
  5 giant cockroaches
  12 goblins
  20 hobgoblins
  5 jackals (D:3)
  5 quokkas
  3 bats
  7 frilled lizards
  18 kobolds
  3 rats
171 creatures vanquished.

Notes
Turn   | Place    | Note
-------+----------+-------------------------------------------
     0 | D:1      | AdnanSaban the Gargoyle Fighter began the quest for the
                  | Orb.
     0 | D:1      | Reached XP level 1. HP: 14/14 MP: 1/1
   188 | D:1      | Reached XP level 2. HP: 19/19 MP: 2/2
   512 | D:1      | Reached XP level 3. HP: 23/23 MP: 3/3
  1121 | D:2      | Reached skill level 1 in Dodging
  1121 | D:2      | Reached XP level 4. HP: 29/29 MP: 4/4
  1149 | D:2      | Found a shadowy altar of Dithmenos.
  1201 | D:2      | Reached skill level 3 in Maces & Flails
  1750 | D:3      | Noticed Robin
  1786 | D:1      | Killed Robin
  1992 | D:3      | Reached XP level 5. HP: 27/33 MP: 5/5
  2059 | D:3      | Found a faded altar of an unknown god.
  2282 | D:3      | Noticed Sigmund
  2613 | D:3      | Killed Sigmund
  2614 | D:3      | Reached skill level 4 in Maces & Flails
  2614 | D:3      | Reached XP level 6. HP: 22/38 MP: 6/6
  2700 | D:3      | Identified the ring "Denty" {Will+ Str-4 Int+6}
  2706 | D:3      | You fall into a shaft and drop 3 floors!
  2775 | D:5      | Entered Level 5 of the Dungeon
  2832 | D:5      | Found a glowing silver altar of Zin.
  2973 | D:5      | Noticed an ice beast
  3051 | D:5      | Reached XP level 7. HP: 40/44 MP: 7/7
  3258 | D:6      | Got A Beginning Course on Witchery
  3358 | D:5      | Reached skill level 5 in Maces & Flails
  3462 | D:5      | Reached skill level 5 in Fighting
  3469 | D:5      | Reached skill level 5 in Armour
  4284 | D:4      | Reached XP level 8. HP: 30/49 MP: 8/8
  4810 | D:4      | Reached skill level 6 in Maces & Flails
  5210 | D:5      | Reached skill level 5 in Shields
  5292 | D:5      | Reached skill level 1 in Stealth
  5392 | D:6      | Found Leejuerr's Self-Published Books.
  5750 | D:6      | Reached skill level 7 in Maces & Flails
  6221 | D:6      | Killed from afar by an acid dragon

Illustrated notes

Levels and vault maps discovered:
D:1:      saegor_arrival_simple_a, layout_basic
D:2:      kennysheep_six_static_rooms, layout_basic, basic_altar,
          minmay_diced_spiral
D:3:      layout_basic, shapermc_ecumenical_altar_hornbeckon,
          grunt_decor_arrowhead, grunt_ministairs_11, item_on_display_a,
          uniq_robin, uniq_sigmund
D:4:      layout_layer_cave
D:5:      corexii_shantytown, layout_cave_pools, zin_statuary
D:6:      layout_loops_ring, nicolae_custom_books

Skill      XL: |  1  2  3  4  5  6  7  8 |
---------------+-------------------------+-----
Dodging        | 1 2 |  2.6
Maces & Flails | 3 4 5 7 |  7.4
Armour         | 4 5 6 |  6.1
Fighting       | 4 5 |  5.7
Shields        | 4 5 |  5.1
Stealth        | 1 |  1.0
Throwing       | |  0.8

Action                     |  1- 3 |  4- 6 |  7- 9 || total
---------------------------+-------+-------+-------++-------
  Melee: Flail             |   140 |   237 |   341 ||   718
  Throw: Boomerang         |       |     7 |    21 ||    28
 Armour: Scale mail        |    75 |   157 |   136 ||   368
         Chain mail        |       |       |   137 ||   137
  Dodge: Dodged            |    75 |   112 |   211 ||   398
  Block: Buckler           |    36 |    66 |    94 ||   196

Table legend: (Time is in decaauts)
 A = Elapsed time spent in this place.
 B = Non-inter-level travel time spent in this place.
 C = Inter-level travel time spent in this place.
 D = Time resting spent in this place.
 E = Time spent auto-exploring this place.
 F = Levels seen in this place.
 G = Mean time per level.
                   A        B        C        D        E       F      G
               +--------+--------+--------+--------+--------+-----+--------+
         Total |   6393 |   6069 |    324 |    182 |   4370 |   6 | 1065.5 |
       Dungeon |   6393 |   6069 |    324 |    182 |   4370 |   6 | 1065.5 |
               +--------+--------+--------+--------+--------+-----+--------+

Top non-repeatable levels by time:
     D:4: 1316 daAuts
     D:2: 1086 daAuts
     D:6: 1064 daAuts
     D:5: 1060 daAuts
     D:3: 998 daAuts
     D:1: 867 daAuts
